 Dungeon Crawl Stone Soup version 0.25.1-8-g42b30a86e7 (webtiles) character file.

Game seed: 18252775330821058792

903 hawla the Thaumaturge (level 7, 0/37 HPs)
             Began as a Deep Elf Conjurer on Dec 3, 2020.
             Slain by a howler monkey (7 damage)
             ... on level 6 of the Dungeon.
             The game lasted 00:15:04 (5625 turns).

hawla the Thaumaturge (Deep Elf Conjurer)           Turns: 5625, Time: 00:15:04

Health: 0/37       AC:  5    Str:  5    XL:     7   Next: 80%
Magic:  14/21      EV: 13    Int: 28    God:
Gold:   259        SH:  0    Dex: 15    Spells: 16/23 levels left

rFire    . . .     SeeInvis .   y - +4 quarterstaff (chaos)
rCold    . . .     Gourm    .   (shield currently unavailable)
rNeg     . . .     Faith    .   a - +0 robe
rPois    .         Spirit   .   (no helmet)
rElec    .         Reflect  .   C - +0 cloak
rCorr    .         Harm     .   h - +1 pair of gloves
MR       .....                  (no boots)
Stlth    +++.......             (no amulet)
HPRegen  0.12/turn              q - +6 ring of intelligence
MPRegen  0.17/turn              r - ring of wizardry

@: no status effects
A: no striking features
a: no special abilities


You were on level 6 of the Dungeon.
You were not hungry.

You visited 1 branch of the dungeon, and saw 6 of its levels.

You collected 259 gold pieces.

Inventory:

Hand Weapons
 y - a +4 quarterstaff of chaos (weapon)
Missiles
 m - 3 boomerangs of dispersal (quivered)
Armour
 a - a +0 robe (worn)
 h - a +1 pair of gloves (worn)
 C - a +0 cloak (worn)
Jewellery
 b - an uncursed ring of see invisible
 e - an uncursed ring of positive energy
 q - a +6 ring of intelligence (left hand)
 r - a ring of wizardry (right hand)
 s - an uncursed ring of wizardry
 t - a +4 ring of slaying
 v - an uncursed ring of resist corrosion
Wands
 d - a wand of acid (9)
Scrolls
 f - 3 scrolls of remove curse
 g - 5 scrolls of teleportation
 o - a scroll of blinking
 u - a scroll of fog
 x - a scroll of amnesia
Potions
 j - 5 potions of heal wounds {unknown}
 k - 4 potions of curing
 l - a potion of berserk rage
 p - a potion of cancellation {unknown}
 z - 2 potions of magic {unknown}
 A - a potion of might {unknown}
 B - a potion of flight {unknown}
Comestibles
 c - 5 rations


   Skills:
 + Level 0.3 Fighting
 + Level 1.1 Staves
 + Level 3.1 Dodging
 + Level 3.8 Stealth
 + Level 8.6 Spellcasting
 + Level 7.4 Conjurations


You had 16 spell levels left.
You knew the following spells:

 Your Spells              Type           Power        Failure   Level  Hunger
a - Magic Dart            Conj           ####         1%          1    None
b - Searing Ray           Conj           ######       1%          2    None
c - Iskenderun's Mystic   Conj/Tloc      ####....     4%          4    #......

Your spell library contained the following spells:

 Spells                   Type           Power        Failure   Level  Hunger
 Dazzling Flash           Conj/Hex       ####..       1%          3    None
 Fulminant Prism          Conj/Hex       ####......   4%          4    #......


Dungeon Overview and Level Annotations

Branches:
Dungeon (6/15)
 Temple: D:4-7

Altars:
Kikubaaqudgha
Nemelex Xobeh
Ru
Trog
Wu Jian
Zin


Message History

Aim: a centaur, quivering 16 arrows The searing ray hits the centaur!
The centaur is moderately wounded. (Press . to maintain the ray.)
The centaur hits you. The howler monkey barely misses you.
Casting: Searing Ray (safe; 1% risk of failure)
Confirm with . or Enter, or press ? or * to list all spells.
The spell is quite dangerous to cast (4% risk of failure)!
Continue anyway?
You erupt in a blast of force!
The mystic blast hits the centaur!
The centaur is severely wounded.
The centaur is knocked back by the mystic blast.
The mystic blast misses the howler monkey.
The howler monkey misses you.
The centaur wields a +0 shortbow.
The centaur shoots an arrow.
The arrow closely misses you. The howler monkey hits you.
The centaur shoots an arrow.
The arrow hits you.
You see here an arrow.
The centaur shoots an arrow.
The arrow hits you!
* * * LOW HITPOINT WARNING * * *
The howler monkey hits you!
You die...

#.# #### #.#
#..#######.####
........##.(..##
...............##
.......รท....!...#
######.......(..##
#########.(.##
##h@.# ##...#
##.c.# #...# #...#
..... .... #...


You could see a centaur and a howler monkey.

Vanquished Creatures
  Grinder (D:5)
  An ice beast (D:5)
  A phantom (D:5)
  A sky beast (D:5)
  A scorpion (D:5)
  A hound (D:5)
  2 orc priests (D:5)
  Crazy Yiuf (D:4)
  An orc wizard (D:5)
  3 worker ants
  A hound skeleton (D:5)
  8 adders
  2 oozes
  An adder skeleton (D:5)
  5 worms
  4 dart slugs
  2 leopard geckos
  7 orcs (D:5)
  2 ball pythons
  9 bats
  A giant cockroach (D:3)
  11 goblins
  7 hobgoblins
  4 jackals (D:1)
  3 quokkas
  5 frilled lizards
  6 kobolds
  A quokka skeleton (D:4)
  6 rats
98 creatures vanquished.

Notes
Turn   | Place    | Note
-------+----------+-------------------------------------------
     0 | D:1      | hawla the Deep Elf Conjurer began the quest for the Orb.
     0 | D:1      | Reached XP level 1. HP: 10/10 MP: 6/6
   270 | D:1      | Reached XP level 2. HP: 7/15 MP: 3/8
   711 | D:1      | Reached skill level 4 in Spellcasting
   885 | D:1      | Reached skill level 5 in Conjurations
   904 | D:1      | Reached XP level 3. HP: 19/19 MP: 8/10
   908 | D:1      | Learned a level 2 spell: Searing Ray
  1825 | D:2      | Reached XP level 4. HP: 24/24 MP: 9/12
  2060 | D:2      | Found an ancient bone altar of Kikubaaqudgha.
  2259 | D:2      | Reached skill level 5 in Spellcasting
  3010 | D:3      | Found a sacrificial altar of Ru.
  3087 | D:3      | Reached XP level 5. HP: 28/28 MP: 8/14
  3323 | D:4      | Learned a level 4 spell: Iskenderun's Mystic Blast
  3351 | D:4      | Found a sparkling altar of Nemelex Xobeh.
  3353 | D:4      | Found a glowing silver altar of Zin.
  3678 | D:4      | Found a runed translucent door.
  3679 | D:4      | Noticed Crazy Yiuf
  3805 | D:4      | Found a bloodstained altar of Trog.
  4001 | D:4      | Killed Crazy Yiuf
  4063 | D:5      | Entered Level 5 of the Dungeon
  4236 | D:5      | Reached skill level 6 in Spellcasting
  4388 | D:5      | Reached XP level 6. HP: 32/32 MP: 14/17
  4389 | D:5      | Noticed a sky beast
  4394 | D:5      | Killed a sky beast
  4401 | D:5      | Reached skill level 7 in Spellcasting
  4584 | D:5      | Reached XP level 7. HP: 32/36 MP: 8/20
  4886 | D:5      | Reached skill level 8 in Spellcasting
  5042 | D:5      | Found an ornate altar of the Wu Jian Council.
  5075 | D:5      | Noticed Grinder
  5090 | D:5      | Paralysed by Grinder for 4 turns
  5095 | D:5      | Killed Grinder
  5095 | D:5      | Reached skill level 1 in Staves
  5625 | D:6      | Slain by a howler monkey

Illustrated notes

Levels and vault maps discovered:
D:1:      evilmike_arrival_hilbert_curve, layout_loops_ring
D:2:      layout_loops_corners, nicolae_overflow_hidden_temple
D:3:      layout_rooms, nicolae_ru_the_path_less_chosen
D:4:      layout_basic, nicolae_overflow_crystal_walls,
          chequers_temple_overflow_statue_of_worship, uniq_crazy_yiuf_cottage
D:5:      layout_loops_corners, lemuel_crystal_altar, first_ration,
          hangedman_decor_opposing, uniq_grinder
D:6:      wad_lake_hut, layout_layer_cave, cheibrodos_worm_habitat,
          serial_shops, kennysheep_mini_moat

Skill      XL: |  1  2  3  4  5  6  7 |
---------------+----------------------+-----
Spellcasting   | 4 5 6 7 8 |  8.6
Conjurations   | 5 6 7 |  7.4
Stealth        | 3 |  3.8
Staves         | 1 |  1.1
Dodging        | 3 |  3.1
Fighting       | |  0.3

Action                   |  1- 3 |  4- 6 |  7- 9 || total
-------------------------+-------+-------+-------++-------
Melee: Unarmed           |     6 |       |       ||     6
       Quarterstaff      |       |    14 |       ||    14
 Cast: Magic Dart        |    65 |    59 |    19 ||   143
       Searing Ray       |     8 |    26 |    12 ||    46
       Iskenderun's Myst |       |       |     2 ||     2
  Use: Potion            |     2 |       |       ||     2
       Scroll            |       |    10 |     2 ||    12
  Eat: Chunk             |     3 |     5 |     3 ||    11
       Ration            |       |     1 |       ||     1
Armor: Robe              |    10 |     4 |       ||    14
Dodge: Dodged            |    16 |    30 |     7 ||    53
